| TOP OF THE 1ST |
|
Minnesota Twins batting - Pitching for Boston Red Sox : LHP Momosuke Sato
|
|
Pitching: LHP Momosuke Sato
|
|
|
Batting: LHB Peer Derks
|
0-0: Called Strike 0-1: DOUBLE (Line Drive, 7LD, EV 106.9 MPH)
|
|
Batting: RHB Will Leslie
|
0-0: Bunted foul 0-1: Sac Bunt to 13 - play at first, batter OUT! 1-4 Peer Derks to third
|
|
Batting: RHB Greg Harman
|
0-0: Ball 1-0: Called Strike 1-1: Ball 2-1: Foul Ball, location: 2F 2-2: Ball 3-2: Fly out, F9 (Flyball, 9S, EV 86.2 MPH) Runner from 3rd tags up, OUT at HOME! 9-2
|
| Top of the 1st over - 0 runs, 1 hit, 0 errors, 0 left on base; Minnesota 0 - Boston 0 |
| BOTTOM OF THE 1ST |
|
Boston Red Sox batting - Pitching for Minnesota Twins : LHP Jim Storer
|
|
Pitching: LHP Jim Storer
|
|
|
Batting: RHB Alois Wollf
|
0-0: Ball 1-0: Foul Ball, location: 2F 1-1: Swinging Strike 1-2: Ball 2-2: SINGLE (Flyball, 5D, EV 95.0 MPH)
|
|
Batting: RHB Andrew Robinson
|
0-0: Ball 1-0: Ball 2-0: Ball 3-0: Base on Balls Alois Wollf to second
|
|
Batting: RHB David Price Jr.
|
0-0: Ball 1-0: Ball 2-0: Foul Ball, location: 2F 2-1: Grounds into double play, 6-4-3 (Groundball, 6M, EV 77.5 MPH) Alois Wollf to third
|
|
Batting: RHB Jose Diaz
|
0-0: Swinging Strike 0-1: Swinging Strike 0-2: Strikes out looking
|
| Bottom of the 1st over - 0 runs, 1 hit, 0 errors, 1 left on base; Minnesota 0 - Boston 0 |
| TOP OF THE 2ND |
|
Minnesota Twins batting - Pitching for Boston Red Sox : LHP Momosuke Sato
|
|
Batting: RHB Miguel Gonzalez
|
0-0: Fly out, F6 (Popup, 56D, EV 54.4 MPH)
|
|
Batting: RHB Miguel Diaz
|
0-0: Foul Ball, location: 2F 0-1: Foul Ball, location: 2F 0-2: Foul Ball, location: 2F 0-2: SINGLE (Flyball, 8LS, EV 90.6 MPH)
|
|
Batting: LHB Ryan Flynn Jr.
|
0-0: Ball 1-0: Sac Bunt to 56S - play at first, batter safe! Miguel Diaz to second
|
|
Batting: RHB Matt Dunn
|
0-0: Ball 1-0: Ball 2-0: Called Strike 2-1: Foul Ball, location: 2F 2-2: Strikes out swinging
|
|
Batting: LHB Harris Vink
|
0-0: Ball 1-0: Ball 2-0: Called Strike 2-1: Foul Ball, location: 2F 2-2: Strikes out looking
|
| Top of the 2nd over - 0 runs, 2 hits, 0 errors, 2 left on base; Minnesota 0 - Boston 0 |
| BOTTOM OF THE 2ND |
|
Boston Red Sox batting - Pitching for Minnesota Twins : LHP Jim Storer
|
|
Batting: LHB Kevin McCormic Jr.
|
0-0: Foul Ball, location: 2F 0-1: Foul Ball, location: 2F 0-2: Strikes out looking
|
|
Batting: RHB Elijah Campbell
|
0-0: Swinging Strike 0-1: Ball 1-1: Ball 2-1: Foul Ball, location: 2F 2-2: Strikes out looking
|
|
Batting: RHB John Chiesa
|
0-0: Ball 1-0: Called Strike 1-1: Foul Ball, location: 2F 1-2: Strikes out swinging
|
| Bottom of the 2nd over - 0 runs, 0 hits, 0 errors, 0 left on base; Minnesota 0 - Boston 0 |
| TOP OF THE 3RD |
|
Minnesota Twins batting - Pitching for Boston Red Sox : LHP Momosuke Sato
|
|
Batting: RHB Alex Rodriguez Jr.
|
0-0: Ball 1-0: Called Strike 1-1: Called Strike 1-2: Ball 2-2: Ball 3-2: Foul Ball, location: 2F 3-2: Foul Ball, location: 2F 3-2: Ground out 4-3 (Groundball, 34, EV 103.1 MPH)
|
|
Batting: LHB Peer Derks
|
0-0: Ground out 6-3 (Groundball, 6M, EV 101.9 MPH)
|
|
Batting: RHB Will Leslie
|
0-0: Ball 1-0: Ball 2-0: Ball 3-0: Base on Balls
|
|
Batting: RHB Greg Harman
|
0-0: Ball 1-0: Ball 2-0: Ball 3-0: Called Strike 3-1: Base on Balls Will Leslie to second
|
|
Batting: RHB Miguel Gonzalez
|
0-0: Called Strike 0-1: Ball 1-1: Ball 2-1: Swinging Strike 2-2: Ground out 6-3 (Groundball, 56D, EV 103.8 MPH)
|
| Top of the 3rd over - 0 runs, 0 hits, 0 errors, 2 left on base; Minnesota 0 - Boston 0 |
| BOTTOM OF THE 3RD |
|
Boston Red Sox batting - Pitching for Minnesota Twins : LHP Jim Storer
|
|
Batting: SHB Greg Shaw
|
0-0: Called Strike 0-1: Swinging Strike 0-2: Ball 1-2: Foul Ball, location: 2F 1-2: Ball 2-2: Strikes out swinging
|
|
Batting: SHB Willie Koviak
|
0-0: Ball 1-0: Ball 2-0: Ground out 5-3 (Groundball, 56S, EV 84.4 MPH)
|
|
Batting: RHB Alois Wollf
|
0-0: Ball 1-0: Swinging Strike 1-1: Called Strike 1-2: Ball 2-2: Ball 3-2: Base on Balls
|
|
Batting: RHB Andrew Robinson
|
0-0: Called Strike 0-1: Ball Alois Wollf steals 2nd base 1-1: Fly out, F7 (Line Drive, 78M, EV 97.5 MPH)
|
| Bottom of the 3rd over - 0 runs, 0 hits, 0 errors, 1 left on base; Minnesota 0 - Boston 0 |
| TOP OF THE 4TH |
|
Minnesota Twins batting - Pitching for Boston Red Sox : LHP Momosuke Sato
|
|
Batting: RHB Miguel Diaz
|
0-0: Foul Ball, location: 2F 0-1: Ground out 5-3 (Groundball, 5, EV 90.0 MPH)
|
|
Batting: LHB Ryan Flynn Jr.
|
0-0: Foul Ball, location: 2F 0-1: Ball 1-1: Foul Ball, location: 2F 1-2: Strikes out swinging
|
|
Batting: RHB Matt Dunn
|
0-0: Called Strike 0-1: DOUBLE (Groundball, 5L, EV 94.4 MPH)
|
|
Batting: LHB Harris Vink
|
0-0: Called Strike 0-1: Ball 1-1: Fly out, F4 (Popup, 3D, EV 55.6 MPH)
|
| Top of the 4th over - 0 runs, 1 hit, 0 errors, 1 left on base; Minnesota 0 - Boston 0 |
| BOTTOM OF THE 4TH |
|
Boston Red Sox batting - Pitching for Minnesota Twins : LHP Jim Storer
|
|
Batting: RHB David Price Jr.
|
0-0: Ball 1-0: Foul Ball, location: 2F 1-1: Foul Ball, location: 2F 1-2: Foul Ball, location: 2F 1-2: Foul Ball, location: 2F 1-2: Ball 2-2: SINGLE (Line Drive, 78M, EV 96.2 MPH)
|
|
Batting: RHB Jose Diaz
|
0-0: Called Strike 0-1: Ball 1-1: Called Strike 1-2: Strikes out swinging
|
|
Batting: LHB Kevin McCormic Jr.
|
0-0: Called Strike 0-1: Fly out, F7 (Flyball, 7, EV 92.5 MPH)
|
|
Batting: RHB Elijah Campbell
|
0-0: Called Strike 0-1: 2-RUN HOME RUN (Flyball, 9LD, EV 94.4 MPH), Distance : 349 ft
|
|
Batting: RHB John Chiesa
|
0-0: Swinging Strike 0-1: Ball 1-1: Ball 2-1: Swinging Strike 2-2: Strikes out swinging
|
| Bottom of the 4th over - 2 runs, 2 hits, 0 errors, 0 left on base; Minnesota 0 - Boston 2 |
| TOP OF THE 5TH |
|
Minnesota Twins batting - Pitching for Boston Red Sox : LHP Momosuke Sato
|
|
Batting: RHB Alex Rodriguez Jr.
|
0-0: Called Strike 0-1: Ground out 6-3 (Groundball, 6, EV 85.0 MPH)
|
|
Batting: LHB Peer Derks
|
0-0: Fly out, F9 (Line Drive, 9LM, EV 93.8 MPH)
|
|
Batting: RHB Will Leslie
|
0-0: Called Strike 0-1: Ball 1-1: Fly out, F8 (Flyball, 8LM, EV 90.0 MPH)
|
| Top of the 5th over - 0 runs, 0 hits, 0 errors, 0 left on base; Minnesota 0 - Boston 2 |
| BOTTOM OF THE 5TH |
|
Boston Red Sox batting - Pitching for Minnesota Twins : LHP Jim Storer
|
|
Batting: SHB Greg Shaw
|
0-0: Called Strike 0-1: Ball 1-1: SOLO HOME RUN (Flyball, 7LD, EV 101.9 MPH), Distance : 373 ft
|
|
Batting: SHB Willie Koviak
|
0-0: Ball 1-0: Ball 2-0: Called Strike 2-1: Foul Ball, location: 2F 2-2: Strikes out swinging
|
|
Batting: RHB Alois Wollf
|
0-0: Ball 1-0: Ground out 5-3 (Groundball, 56S, EV 85.6 MPH)
|
|
Batting: RHB Andrew Robinson
|
0-0: Ball 1-0: Ball 2-0: Called Strike 2-1: Foul Ball, location: 2F 2-2: DOUBLE (Line Drive, 5D, EV 95.6 MPH)
|
|
Batting: RHB David Price Jr.
|
0-0: SINGLE (Groundball, 6MD, EV 97.5 MPH) Andrew Robinson to third Runner from 3rd tries for Home, SAFE, throw by CF to home
|
|
Batting: RHB Jose Diaz
|
0-0: Ball 1-0: Called Strike 1-1: Swinging Strike 1-2: Ball 2-2: Foul Ball, location: 2F 2-2: Foul Ball, location: 2F 2-2: Ball 3-2: Foul Ball, location: 2F 3-2: Foul Ball, location: 2F 3-2: Foul Ball, location: 2F 3-2: Foul Ball, location: 2F 3-2: Fly out, F6 (Flyball, 56D, EV 93.8 MPH)
|
| Bottom of the 5th over - 2 runs, 3 hits, 0 errors, 1 left on base; Minnesota 0 - Boston 4 |
| TOP OF THE 6TH |
|
Minnesota Twins batting - Pitching for Boston Red Sox : LHP Momosuke Sato
|
|
Batting: RHB Greg Harman
|
0-0: Ball 1-0: SINGLE (Groundball, 6M, EV 98.1 MPH) (infield hit)
|
|
Batting: RHB Miguel Gonzalez
|
0-0: Ball 1-0: Ball 2-0: Ball 3-0: Base on Balls Greg Harman to second
|
|
Batting: RHB Miguel Diaz
|
0-0: Called Strike 0-1: Called Strike 0-2: Foul Ball, location: 2F 0-2: Strikes out looking
|
|
Batting: LHB Ryan Flynn Jr.
|
0-0: Ball Greg Harman steals 3rd base Miguel Gonzalez to second 1-0: Swinging Strike 1-1: Ground out 3-1 (Groundball, 34S, EV 71.2 MPH) Greg Harman scores Miguel Gonzalez to third
|
|
Batting: RHB Matt Dunn
|
0-0: Foul Ball, location: 2F 0-1: Fly out, F9 (Flyball, 89M, EV 65.6 MPH)
|
| Top of the 6th over - 1 run, 1 hit, 0 errors, 1 left on base; Minnesota 1 - Boston 4 |
| BOTTOM OF THE 6TH |
|
Boston Red Sox batting - Pitching for Minnesota Twins : LHP Jim Storer
|
|
Batting: LHB Kevin McCormic Jr.
|
0-0: Called Strike 0-1: Ground out 4-3 (Groundball, 4, EV 89.4 MPH)
|
|
Pitching: RHP Tony Ramirez
|
|
|
Batting: RHB Elijah Campbell
|
0-0: Ball 1-0: Ball 2-0: Called Strike 2-1: Ground out 4-3 (Groundball, 4, EV 88.1 MPH)
|
|
Batting: RHB John Chiesa
|
0-0: SINGLE (Flyball, 89S, EV 98.8 MPH)
|
|
Batting: SHB Greg Shaw
|
0-0: Called Strike John Chiesa is caught stealing 2nd base 2-6
|
| Bottom of the 6th over - 0 runs, 1 hit, 0 errors, 0 left on base; Minnesota 1 - Boston 4 |
| TOP OF THE 7TH |
|
Minnesota Twins batting - Pitching for Boston Red Sox : LHP Momosuke Sato
|
|
Batting: LHB Harris Vink
|
0-0: Ball 1-0: Foul Ball, location: 2F 1-1: Ball 2-1: Ball 3-1: Base on Balls
|
|
Batting: RHB Alex Rodriguez Jr.
|
0-0: Called Strike 0-1: Foul Ball, location: 2F 0-2: Ball 1-2: Foul Ball, location: 2F 1-2: Foul Ball, location: 2F 1-2: Foul Ball, location: 2F 1-2: Foul Ball, location: 2F 1-2: Strikes out looking
|
|
Pitching: LHP John Hotham
|
|
|
Batting: LHB Peer Derks
|
0-0: Ball 1-0: Called Strike 1-1: Foul Ball, location: 2F 1-2: Fielders Choice at 2nd, 1-6 (Groundball, 13S, EV 63.1 MPH)
|
|
Batting: RHB Will Leslie
|
0-0: Ball 1-0: Ball 2-0: Called Strike 2-1: Fly out, F8 (Line Drive, 8LS, EV 92.5 MPH)
|
| Top of the 7th over - 0 runs, 0 hits, 0 errors, 1 left on base; Minnesota 1 - Boston 4 |
| BOTTOM OF THE 7TH |
|
Boston Red Sox batting - Pitching for Minnesota Twins : RHP Tony Ramirez
|
|
Pitching: RHP Matt Lundy
|
|
|
Batting: SHB Greg Shaw
|
0-0: Ball 1-0: Called Strike 1-1: Ball 2-1: Ball 3-1: Ground out 4-3 (Groundball, 4, EV 85.6 MPH)
|
|
Batting: SHB Willie Koviak
|
0-0: Fly out, F8 (Line Drive, 8LM, EV 105.0 MPH)
|
|
Batting: RHB Alois Wollf
|
0-0: Fly out, F8 (Flyball, 78S, EV 86.9 MPH)
|
| Bottom of the 7th over - 0 runs, 0 hits, 0 errors, 0 left on base; Minnesota 1 - Boston 4 |
| TOP OF THE 8TH |
|
Minnesota Twins batting - Pitching for Boston Red Sox : LHP John Hotham
|
|
Now in LF: John Chiesa
|
|
|
Now in CF: Nick Esteves
|
|
|
Batting: RHB Greg Harman
|
0-0: Ball 1-0: Foul Ball, location: 2F 1-1: Ball 2-1: Ball 3-1: Called Strike 3-2: Foul Ball, location: 2F 3-2: Foul Ball, location: 2F 3-2: Foul Ball, location: 2F 3-2: Ground out 6-3 (Groundball, 6, EV 97.5 MPH)
|
|
Batting: RHB Miguel Gonzalez
|
0-0: Called Strike 0-1: Ball 1-1: Ground out 4-3 (Groundball, 4S, EV 82.5 MPH)
|
|
Batting: RHB Miguel Diaz
|
0-0: Ball 1-0: Ball 2-0: Called Strike 2-1: Foul Ball, location: 2F 2-2: Ball 3-2: Base on Balls
|
|
Batting: LHB Ryan Flynn Jr.
|
0-0: Swinging Strike 0-1: Ball 1-1: Swinging Strike 1-2: Strikes out looking
|
| Top of the 8th over - 0 runs, 0 hits, 0 errors, 1 left on base; Minnesota 1 - Boston 4 |
| BOTTOM OF THE 8TH |
|
Boston Red Sox batting - Pitching for Minnesota Twins : RHP Matt Lundy
|
|
Batting: RHB Andrew Robinson
|
0-0: Ball 1-0: Ball 2-0: Called Strike 2-1: Foul Ball, location: 2F 2-2: Strikes out swinging
|
|
Batting: RHB David Price Jr.
|
0-0: Ball 1-0: Ball 2-0: Swinging Strike 2-1: Ball 3-1: Foul Ball, location: 2F 3-2: Strikes out swinging
|
|
Batting: RHB Nick Esteves
|
0-0: Called Strike 0-1: Ball 1-1: Foul Ball, location: 2F 1-2: Fly out, F7 (Flyball, 78D, EV 96.2 MPH)
|
| Bottom of the 8th over - 0 runs, 0 hits, 0 errors, 0 left on base; Minnesota 1 - Boston 4 |
| TOP OF THE 9TH |
|
Minnesota Twins batting - Pitching for Boston Red Sox : LHP John Hotham
|
|
Pitching: RHP Guadalupe Vasguez
|
|
|
Batting: RHB Matt Dunn
|
0-0: Ground out 5-3 (Groundball, 56D, EV 84.4 MPH)
|
|
Batting: LHB Harris Vink
|
0-0: Swinging Strike 0-1: Foul Ball, location: 2F 0-2: Ball 1-2: Ball 2-2: Foul Ball, location: 2F 2-2: DOUBLE (Line Drive, 8RXD, EV 98.1 MPH)
|
|
Batting: RHB Alex Rodriguez Jr.
|
0-0: Called Strike 0-1: Swinging Strike 0-2: Foul Ball, location: 2F 0-2: Ball 1-2: Foul Ball, location: 2F 1-2: Foul Ball, location: 2F 1-2: Foul Ball, location: 2F 1-2: Hit by Pitch
|
|
Batting: LHB Peer Derks
|
0-0: Ball 1-0: Foul Ball, location: 2F 1-1: Foul Ball, location: 2F 1-2: Fly out, F8 (Flyball, 8RD, EV 89.4 MPH)
|
|
Batting: RHB Will Leslie
|
0-0: Foul Ball, location: 2F 0-1: Fly out, F7 (Flyball, 78M, EV 76.2 MPH)
|
| Top of the 9th over - 0 runs, 1 hit, 0 errors, 2 left on base; Minnesota 1 - Boston 4 |
|